[ AOE2 MATCH · #505041586 ]
UnrankedWei vs Berbers
Player's team · WIN
Rival team · LOSS
[ REPLAY ANALYSIS · EXTRACTED FROM THE RECORDED GAME ]
Feudal
8:52
Castle
19:26
Imperial
32:08
| APM avg | 32.5 |
| APM peak | 64 |
| eAPM avg | 21.4 |
| Villagers / military | 153 / 105 |
Focus
⚔️ 36.1% · 🌾 63.9%
Spearman ×69 · Unknown (1944) ×37 · Scout Cavalry ×16 · Monk ×10 · Battering Ram ×10 · Unknown (1942) ×8
Feudal
10:06
Castle
21:11
Imperial
35:37
| APM avg | 43.8 |
| APM peak | 104 |
| eAPM avg | 23.9 |
| Villagers / military | 130 / 274 |
Focus
⚔️ 26.5% · 🌾 73.5%
Skirmisher ×155 · Camel Scout ×90 · Scout Cavalry ×15 · Bombard Cannon ×8 · Monk ×2 · Mangonel ×2
Match map
Initial resources + every placement click. Lines = walls · curves = elevation contours. ◆ gold · ⬟ stone · ● berries · ✦ relic · ◌ wall gap
Your base· ✓ Closed at 19:26 · 0t walls · 2 gate(s)
El Sobol's base· ✓ Closed at 21:11 · 31t walls · 2 gate(s)
Smoothed initial terrain · ◌ = detected wall gap · hover for details
Inputs per minute
— UpsideDownCumbrian - - El Sobol
Build order — UpsideDownCumbrian
First 150 of 467 actions detected
| 0:00 | Queue | Villager (Male) |
| 0:00 | Queue | Villager (Male) |
| 0:02 | Build | House |
| 0:03 | Build | House |
| 0:21 | Queue | Villager (Male) |
| 0:36 | Queue | Villager (Male) |
| 1:30 | Queue | Villager (Male) |
| 1:48 | Build | Lumber Camp |
| 2:07 | Queue | Villager (Male) |
| 2:26 | Queue | Villager (Male) |
| 2:56 | Queue | Villager (Male) |
| 3:02 | Build | House |
| 3:06 | Queue | Villager (Male) |
| 3:33 | Queue | Villager (Male) |
| 4:12 | Queue | Villager (Male) |
| 4:15 | Build | Mill |
| 4:30 | Queue | Villager (Male) |
| 4:57 | Queue | Villager (Male) |
| 5:26 | Queue | Villager (Male) |
| 5:36 | Queue | Villager (Male) |
| 5:58 | Research | Loom |
| 6:37 | Research | Feudal Age |
| 7:07 | Build | House |
| 7:17 | Build | Mining Camp |
| 7:42 | Build | House |
| 8:00 | Queue | Villager (Male) |
| 8:44 | Queue | Villager (Male) |
| 8:52 | Age | Feudal Age |
| 8:54 | Research | Horse Collar |
| 8:56 | Research | Double-Bit Axe |
| 9:02 | Build | Watch Tower |
| 9:10 | Queue | Villager (Male) |
| 9:23 | Build | Farm |
| 9:44 | Queue | Villager (Male) |
| 9:48 | Build | Farm |
| 10:06 | Queue | Villager (Male) |
| 10:45 | Queue | Villager (Male) |
| 10:49 | Build | Farm |
| 10:52 | Build | Farm |
| 11:14 | Queue | Villager (Male) |
| 11:21 | Build | Watch Tower |
| 11:27 | Build | Farm |
| 11:39 | Build | House |
| 11:44 | Queue | Villager (Male) |
| 11:51 | Research | Stone Mining |
| 12:09 | Queue | Villager (Male) |
| 12:17 | Build | Farm |
| 12:34 | Queue | Villager (Male) |
| 12:39 | Build | Farm |
| 12:42 | Queue | Villager (Male) |
| 12:48 | Build | House |
| 12:52 | Build | House |
| 13:21 | Queue | Villager (Male) |
| 13:30 | Build | Mining Camp |
| 13:44 | Build | Farm |
| 13:47 | Build | Farm |
| 13:49 | Queue | Villager (Male) |
| 14:09 | Queue | Villager (Male) |
| 14:20 | Build | Watch Tower |
| 14:22 | Queue | Villager (Male) |
| 14:29 | Build | Farm |
| 14:34 | Build | Blacksmith |
| 14:44 | Queue | Villager (Male) |
| 15:00 | Build | Farm |
| 15:03 | Build | Farm |
| 15:25 | Build | Farm |
| 15:36 | Queue | Villager (Male) |
| 15:59 | Build | Market |
| 16:02 | Queue | Villager (Male) |
| 16:14 | Build | Farm |
| 16:18 | Build | Farm |
| 16:45 | Research | Gold Mining |
| 16:46 | Research | Castle Age |
| 16:55 | Queue | Villager (Male) |
| 17:37 | Build | Outpost |
| 17:45 | Build | Outpost |
| 17:50 | Build | Outpost |
| 17:54 | Build | Barracks |
| 18:15 | Build | House |
| 18:17 | Build | House |
| 18:45 | Queue | Spearman |
| 19:00 | Build | Stable |
| 19:04 | Build | Stable |
| 19:26 | Age | Castle Age |
| 19:31 | Research | Bow Saw |
| 19:33 | Queue | Villager (Male) |
| 19:35 | Build | Monastery |
| 19:41 | Build | Monastery |
| 19:44 | Queue | Scout Cavalry |
| 19:44 | Queue | Scout Cavalry |
| 19:55 | Queue | Villager (Male) |
| 19:59 | Queue | Villager (Male) |
| 20:06 | Queue | Spearman |
| 20:13 | Queue | Spearman |
| 20:16 | Queue | Scout Cavalry |
| 20:23 | Queue | Unit 1944 |
| 20:26 | Build | Stable |
| 20:33 | Queue | Villager (Male) |
| 20:36 | Build | Town Center |
| 20:40 | Queue | Monk |
| 20:45 | Queue | Villager (Male) |
| 20:57 | Queue | Unit 1944 |
| 21:01 | Queue | Villager (Male) |
| 21:04 | Build | House |
| 21:04 | Build | House |
| 21:32 | Research | Light Cavalry (upgrade) |
| 21:35 | Queue | Scout Cavalry |
| 21:39 | Queue | Villager (Male) |
| 21:41 | Queue | Villager (Male) |
| 22:00 | Build | Town Center |
| 22:03 | Build | House |
| 22:04 | Build | House |
| 22:06 | Queue | Scout Cavalry |
| 22:09 | Queue | Villager (Male) |
| 22:14 | Queue | Monk |
| 22:22 | Queue | Scout Cavalry |
| 22:30 | Queue | Monk |
| 22:54 | Queue | Villager (Male) |
| 22:57 | Build | Stable |
| 22:59 | Queue | Villager (Male) |
| 23:01 | Build | Farm |
| 23:01 | Build | Farm |
| 23:01 | Build | Farm |
| 23:04 | Queue | Villager (Male) |
| 23:05 | Build | Farm |
| 23:06 | Build | Farm |
| 23:30 | Queue | Villager (Male) |
| 23:34 | Queue | Monk |
| 23:39 | Research | Husbandry |
| 23:39 | Queue | Scout Cavalry |
| 23:39 | Queue | Scout Cavalry |
| 23:43 | Queue | Scout Cavalry |
| 23:46 | Queue | Villager (Male) |
| 23:47 | Build | Farm |
| 23:49 | Build | Lumber Camp |
| 23:51 | Build | Mill |
| 23:56 | Queue | Villager (Male) |
| 24:03 | Queue | Villager (Male) |
| 24:16 | Queue | Monk |
| 24:17 | Build | Farm |
| 24:18 | Queue | Villager (Male) |
| 24:24 | Queue | Monk |
| 24:27 | Queue | Villager (Male) |
| 24:29 | Queue | Scout Cavalry |
| 24:31 | Queue | Villager (Male) |
| 24:33 | Build | Farm |
| 24:33 | Build | Farm |
| 24:33 | Build | Farm |
| 24:45 | Queue | Villager (Male) |
| 24:50 | Build | Farm |
Build order — El Sobol
First 150 of 427 actions detected
| 0:00 | Queue | Villager (Male) |
| 0:01 | Build | House |
| 0:02 | Build | House |
| 0:03 | Queue | Villager (Male) ×3 |
| 1:12 | Queue | Villager (Male) |
| 1:43 | Build | Lumber Camp |
| 1:57 | Queue | Villager (Male) |
| 2:21 | Queue | Villager (Male) |
| 2:33 | Queue | Villager (Male) |
| 3:07 | Queue | Villager (Male) |
| 3:23 | Build | House |
| 3:37 | Build | House |
| 3:38 | Build | House |
| 3:46 | Queue | Villager (Male) |
| 3:46 | Queue | Villager (Male) |
| 4:25 | Queue | Villager (Male) |
| 4:30 | Queue | Villager (Male) |
| 4:31 | Queue | Villager (Male) |
| 5:03 | Queue | Villager (Male) |
| 5:17 | Build | Mill |
| 5:26 | Queue | Villager (Male) |
| 5:35 | Queue | Villager (Male) |
| 6:07 | Queue | Villager (Male) |
| 7:24 | Queue | Villager (Male) |
| 7:36 | Build | Mining Camp |
| 7:44 | Research | Feudal Age |
| 8:34 | Build | Barracks |
| 8:48 | Queue | Villager (Male) |
| 8:48 | Queue | Villager (Male) |
| 9:21 | Build | Mining Camp |
| 9:30 | Build | Palisade Wall |
| 9:32 | Build | Palisade Wall |
| 9:33 | Build | Palisade Wall |
| 9:35 | Build | Palisade Wall |
| 9:36 | Build | Palisade Wall |
| 9:38 | Build | Palisade Wall |
| 9:40 | Build | Palisade Wall |
| 9:41 | Build | Palisade Wall |
| 9:43 | Build | Palisade Wall |
| 9:45 | Build | Palisade Wall |
| 9:47 | Build | Palisade Wall |
| 9:48 | Build | Palisade Wall |
| 9:50 | Build | House |
| 9:56 | Build | Palisade Wall |
| 10:00 | Build | Palisade Wall |
| 10:02 | Build | Palisade Wall |
| 10:03 | Build | Palisade Wall |
| 10:05 | Build | Palisade Wall |
| 10:06 | Age | Feudal Age |
| 10:08 | Build | Palisade Wall |
| 10:10 | Build | Watch Tower |
| 10:26 | Build | Palisade Wall |
| 10:41 | Queue | Villager (Male) |
| 10:42 | Research | Double-Bit Axe |
| 11:09 | Build | House |
| 11:15 | Queue | Villager (Male) |
| 11:31 | Build | Watch Tower |
| 11:44 | Build | Blacksmith |
| 11:47 | Queue | Villager (Male) |
| 12:02 | Queue | Villager (Male) |
| 12:14 | Queue | Villager (Male) |
| 12:29 | Research | Fletching |
| 12:30 | Queue | Villager (Male) |
| 12:42 | Queue | Villager (Male) |
| 12:50 | Research | Horse Collar |
| 12:56 | Research | Loom |
| 13:05 | Build | Palisade Wall |
| 13:31 | Build | House |
| 13:31 | Queue | Villager (Male) |
| 13:32 | Queue | Villager (Male) |
| 13:37 | Build | Farm |
| 13:38 | Build | Farm |
| 13:38 | Build | Farm |
| 13:38 | Build | Farm |
| 13:38 | Build | Farm |
| 13:38 | Build | Farm |
| 13:42 | Queue | Villager (Male) |
| 13:57 | Build | House |
| 14:06 | Queue | Villager (Male) |
| 14:08 | Build | Farm |
| 14:16 | Build | Stone Wall |
| 14:41 | Build | Watch Tower |
| 14:41 | Queue | Villager (Male) |
| 14:43 | Queue | Villager (Male) |
| 14:45 | Build | Farm |
| 14:47 | Build | Farm |
| 14:49 | Build | Farm |
| 14:51 | Build | Farm |
| 15:00 | Queue | Villager (Male) |
| 15:02 | Build | Farm |
| 15:17 | Build | Farm |
| 15:19 | Build | Farm |
| 15:46 | Build | Farm |
| 15:48 | Build | Farm |
| 15:49 | Build | Farm |
| 16:01 | Build | Farm |
| 16:02 | Queue | Villager (Male) |
| 16:21 | Build | Mining Camp |
| 16:24 | Build | Mining Camp |
| 16:41 | Queue | Villager (Male) |
| 17:02 | Build | Stable |
| 17:07 | Queue | Villager (Male) |
| 17:08 | Queue | Villager (Male) |
| 17:32 | Build | House |
| 17:41 | Research | Town Watch |
| 17:57 | Queue | Scout Cavalry |
| 18:05 | Queue | Villager (Male) |
| 18:13 | Build | Outpost |
| 18:29 | Research | Castle Age |
| 18:29 | Research | Castle Age |
| 18:56 | Queue | Scout Cavalry |
| 19:01 | Build | Outpost |
| 19:11 | Queue | Villager (Male) |
| 19:17 | Build | Stable |
| 19:30 | Build | Palisade Wall |
| 19:33 | Build | Palisade Wall |
| 19:33 | Build | Palisade Wall |
| 19:34 | Build | Palisade Wall |
| 19:36 | Build | Palisade Wall |
| 19:58 | Queue | Villager (Male) |
| 20:12 | Queue | Villager (Male) |
| 20:16 | Research | Wheelbarrow |
| 20:18 | Research | Gold Mining |
| 20:44 | Build | Palisade Wall |
| 20:45 | Build | Palisade Wall |
| 20:47 | Build | Palisade Wall |
| 20:50 | Build | Palisade Wall |
| 20:51 | Build | Palisade Wall |
| 21:05 | Queue | Villager (Male) |
| 21:11 | Age | Castle Age |
| 21:12 | Build | Monastery |
| 21:16 | Build | Town Center |
| 21:19 | Research | Bow Saw |
| 21:20 | Research | Light Cavalry (upgrade) |
| 21:23 | Queue | Scout Cavalry |
| 21:23 | Queue | Scout Cavalry |
| 21:58 | Queue | Scout Cavalry |
| 22:00 | Queue | Monk |
| 22:03 | Build | House |
| 22:03 | Build | House |
| 22:04 | Queue | Villager (Male) |
| 22:05 | Queue | Villager (Male) |
| 22:30 | Queue | Villager (Male) |
| 22:52 | Queue | Monk |
| 23:01 | Queue | Villager (Male) |
| 23:02 | Queue | Villager (Male) |
| 23:02 | Queue | Villager (Male) |
| 23:05 | Build | House |
| 23:30 | Queue | Villager (Male) |
| 23:32 | Build | Town Center |
Match timeline
| 8:34 | El Sobol · first_building Barracks |
| 8:52 | UpsideDownCumbrian · age_up feudal |
| 9:30 | El Sobol · wall_segment Palisade Wall x1 |
| 9:32 | El Sobol · wall_segment Palisade Wall x1 |
| 9:33 | El Sobol · wall_segment Palisade Wall x1 |
| 9:35 | El Sobol · wall_segment Palisade Wall x1 |
| 9:36 | El Sobol · wall_segment Palisade Wall x1 |
| 9:38 | El Sobol · wall_segment Palisade Wall x1 |
| 9:40 | El Sobol · wall_segment Palisade Wall x1 |
| 9:41 | El Sobol · wall_segment Palisade Wall x1 |
| 9:43 | El Sobol · wall_segment Palisade Wall x1 |
| 9:45 | El Sobol · wall_segment Palisade Wall x1 |
| 9:47 | El Sobol · wall_segment Palisade Wall x1 |
| 9:48 | El Sobol · wall_segment Palisade Wall x1 |
| 9:56 | El Sobol · wall_segment Palisade Wall x1 |
| 10:00 | El Sobol · wall_segment Palisade Wall x1 |
| 10:02 | El Sobol · wall_segment Palisade Wall x1 |
| 10:03 | El Sobol · wall_segment Palisade Wall x1 |
| 10:05 | El Sobol · wall_segment Palisade Wall x1 |
| 10:06 | El Sobol · age_up feudal |
| 10:08 | El Sobol · wall_segment Palisade Wall x1 |
| 10:26 | El Sobol · wall_segment Palisade Wall x1 |
| 13:05 | El Sobol · wall_segment Palisade Wall x1 |
| 14:16 | El Sobol · wall_segment Stone Wall x1 |
| 17:02 | El Sobol · first_building Stable |
| 17:54 | UpsideDownCumbrian · first_building Barracks |
| 19:00 | UpsideDownCumbrian · first_building Stable |
| 19:26 | UpsideDownCumbrian · age_up castle |
| 19:30 | El Sobol · wall_segment Palisade Wall x1 |
| 19:33 | El Sobol · wall_segment Palisade Wall x1 |
| 19:33 | El Sobol · wall_segment Palisade Wall x1 |
| 19:34 | El Sobol · wall_segment Palisade Wall x1 |
| 19:35 | UpsideDownCumbrian · first_building Monastery |
| 19:36 | El Sobol · wall_segment Palisade Wall x1 |
| 20:44 | El Sobol · wall_segment Palisade Wall x1 |
| 20:45 | El Sobol · wall_segment Palisade Wall x1 |
| 20:47 | El Sobol · wall_segment Palisade Wall x1 |
| 20:50 | El Sobol · wall_segment Palisade Wall x1 |
| 20:51 | El Sobol · wall_segment Palisade Wall x1 |
| 21:11 | El Sobol · age_up castle |
| 21:12 | El Sobol · first_building Monastery |
| 21:58 | UpsideDownCumbrian · first_market_buy 100 stone |
| 24:38 | El Sobol · first_market_buy 100 stone |
| 25:46 | UpsideDownCumbrian · wall_segment Palisade Wall x1 |
| 27:53 | UpsideDownCumbrian · first_building Siege Workshop |
| 30:46 | El Sobol · first_building Siege Workshop |
| 31:02 | UpsideDownCumbrian · first_building Castle |
| 31:52 | UpsideDownCumbrian · wall_segment Palisade Wall x1 |
| 32:08 | UpsideDownCumbrian · age_up imperial |
| 32:12 | El Sobol · first_market_sell 100 wood |
| 32:59 | El Sobol · first_building Archery Range |
| 33:28 | UpsideDownCumbrian · wall_segment Palisade Wall x1 |
| 33:35 | El Sobol · first_building Castle |
| 33:45 | UpsideDownCumbrian · first_market_sell 100 food |
| 35:37 | El Sobol · age_up imperial |
| 45:06 | El Sobol · resign |
[ AI ANALYSIS · 1 CREDIT ]
What really happened in this match?
Wolo.gg analyzes every decision: build order, eco, micro, common mistakes by bracket. Personalized analysis on WhatsApp or Discord in 30 seconds.
Civ guide
Wei
Perfil
Jugador #18648149